 Dungeon Crawl Stone Soup version 0.26-a0-540-g8a0c9464d7 (webtiles) character file.

Game seed: 15630390446654042155

28 HoaS the Ruffian (level 3, -6/21 HPs)
             Began as a Gargoyle Gladiator on Aug 24, 2020.
             Killed from afar by Jessica (8 damage)
             ... with a puff of flame
             ... on level 2 of the Dungeon.
             The game lasted 00:01:42 (844 turns).

HoaS the Ruffian (Gargoyle Gladiator)                Turns: 844, Time: 00:01:43

Health: -6/21      AC:  9    Str: 17    XL:     3   Next: 14%
Magic:  3/3        EV: 11    Int:  8    God:
Gold:   66         SH:  0    Dex: 12    Spells: 2/2 levels left

rFire    . . .     SeeInvis .     - Unarmed
rCold    . . .     Faith    .   (no shield)
rNeg     + . .     Spirit   .   h - +0 ring mail
rPois    ∞         Reflect  .   b - +0 helmet
rElec    +         Harm     .   (no cloak)
rCorr    .                      (no gloves)
MR       .....                  (no boots)
Stlth    +.........             (no amulet)
HPRegen  0.07/turn              (no ring)
MPRegen  0.08/turn              (no ring)

@: no status effects
A: negative energy resistance 1, electricity resistance, unbreathing,
petrification resistance, rot immunity, AC +3
a: no special abilities


You were on level 2 of the Dungeon.
You visited 1 branch of the dungeon, and saw 2 of its levels.

You collected 66 gold pieces.

Inventory:

Missiles
 a - 12 poisoned darts
 c - 3 throwing nets (quivered)
Armour
 b - a +0 helmet (worn)
 h - a +0 ring mail (worn)
Potions
 d - a potion of resistance {unknown}
 e - a potion of lignification {unknown}
 f - 3 potions of curing {unknown}
 g - a potion of haste {unknown}


   Skills:
 - Level 2.1 Fighting
 - Level 1.7 Throwing
 + Level 2.7 Dodging
 * Level 3.8 Unarmed Combat


You had 2 spell levels left.
You didn't know any spells.
Your spell library was empty.

Dungeon Overview and Level Annotations

Branches:
Dungeon (2/15)

Altars:

Annotations:
D:2 Jessica


Innate Abilities, Weirdness & Mutations

You are resistant to torment.
Your stone body is resilient. (AC +3)
You are immune to poison.
You resist negative energy. (rN+)
You are resistant to electric shocks. (rElec)
You can survive without breathing.
You are immune to petrification.
You are immune to rotting.


Message History

The worm closely misses you.
You completely miss the worm.
The worm is heavily wounded.
You hit the worm.
The worm is almost dead.
The worm bites you but does no damage.
You hit the worm.
The worm is almost dead.
You hit the worm.
You kill the worm!
Jessica mumbles some strange words.
Jessica blinks!
You see here a worm corpse.
Jessica gestures wildly while chanting.
Jessica blinks!
Jessica zaps a wand.
The puff of flame hits you!
Ouch! That really hurt!
* * * LOW HITPOINT WARNING * * *
Jessica zaps a wand.
The puff of flame hits you!
You die...

#.#.########.....^
#.#.# ####
####†#.# #......#
#.[....# #......#
#......# #......#
#...@..# ####@#.#
#.#.# #.#.# #.#.#
#.# ..# ###


You could see Jessica.

Vanquished Creatures
  A worm (D:2)
  A dart slug (D:2)
  A leopard gecko (D:1)
  2 bats (D:2)
  A giant cockroach (D:1)
  4 goblins (D:1)
  2 hobgoblins
  5 kobolds (D:1)
  A frilled lizard (D:2)
  3 rats
21 creatures vanquished.

Notes
Turn   | Place    | Note
-------+----------+-------------------------------------------
     0 | D:1      | HoaS the Gargoyle Gladiator began the quest for the Orb.
     0 | D:1      | Reached XP level 1. HP: 12/12 MP: 1/1
   243 | D:1      | Reached XP level 2. HP: 16/17 MP: 2/2
   794 | D:2      | Reached XP level 3. HP: 15/21 MP: 3/3
   827 | D:2      | Noticed Jessica
   844 | D:2      | Killed from afar by Jessica

Illustrated notes

Levels and vault maps discovered:
D:1:      minmay_arrival_up_and_down, layout_rooms
D:2:      layout_basic, chequers_ecumenical_altar_lobes, minmay_circle_x,
          uniq_natasha, uniq_jessica

Action                   || total
-------------------------++-------
Melee: Unarmed           ||    97
       Punch             ||     2
  Use: Scroll            ||     3
Armor: Leather armour    ||     7
       Ring mail         ||    16
Dodge: Dodged            ||    46

Table legend: (Time is in decaauts)
 A = Elapsed time spent in this place.
 B = Non-inter-level travel time spent in this place.
 C = Inter-level travel time spent in this place.
 D = Time resting spent in this place.
 E = Time spent auto-exploring this place.
 F = Levels seen in this place.
 G = Mean time per level.
                   A        B        C        D        E       F      G
               +--------+--------+--------+--------+--------+-----+--------+
         Total |    837 |    823 |     14 |    301 |    346 |   2 |  418.5 |
       Dungeon |    837 |    823 |     14 |    301 |    346 |   2 |  418.5 |
               +--------+--------+--------+--------+--------+-----+--------+

Top non-repeatable levels by time:
     D:1: 534 daAuts
     D:2: 302 daAuts
